| TOP OF THE 1ST |
|
Miami (APP) Marlins batting - Pitching for San Francisco (APP) Giants : RHP Corey Foster
|
|
Pitching: RHP Corey Foster
|
|
|
Batting: RHB Robbie Gomez
|
0-0: DOUBLE (Line Drive, 9LS, EV 94.4 MPH)
|
|
Batting: RHB Tony Ledezma
|
0-0: SINGLE (Groundball, 4MD, EV 94.4 MPH) Robbie Gomez to third Runner from 3rd tries for Home, SAFE, throw by CF to home Tony Ledezma to second
|
|
Batting: RHB Clark Meagher
|
0-0: Ball 1-0: Ball 2-0: Ball 3-0: Called Strike 3-1: Base on Balls
|
|
Batting: RHB Rick English
|
0-0: Called Strike 0-1: 3-RUN HOME RUN (Flyball, 9D, EV 104.4 MPH), Distance : 387 ft
|
|
Batting: RHB David Martin
|
0-0: Ball 1-0: Called Strike 1-1: Ball 2-1: Swinging Strike 2-2: Fly out, F6 (Flyball, 56D, EV 87.5 MPH)
|
|
Batting: RHB Adrian Bocker
|
0-0: Ball 1-0: SINGLE (Groundball, 56, EV 97.5 MPH) (infield hit)
|
|
Batting: RHB Terrell Smith
|
0-0: Called Strike 0-1: Grounds into double play, 6-4-3 (Groundball, 6M, EV 85.6 MPH)
|
| Top of the 1st over - 4 runs, 4 hits, 0 errors, 0 left on base; Miami (APP) 4 - San Francisco (APP) 0 |
| BOTTOM OF THE 1ST |
|
San Francisco (APP) Giants batting - Pitching for Miami (APP) Marlins : RHP Ryan Kominski
|
|
Pitching: RHP Ryan Kominski
|
|
|
Batting: LHB Eddie Lemus
|
0-0: Foul Ball, location: 2F 0-1: Called Strike 0-2: Strikes out looking
|
|
Batting: RHB Noe Oliva
|
0-0: Swinging Strike 0-1: Fly out, F7 (Line Drive, 7LM, EV 90.6 MPH)
|
|
Batting: RHB Ricky Aguilar
|
0-0: Ball 1-0: Called Strike 1-1: Ground out 5-3 (Groundball, 56, EV 86.9 MPH)
|
| Bottom of the 1st over - 0 runs, 0 hits, 0 errors, 0 left on base; Miami (APP) 4 - San Francisco (APP) 0 |
| TOP OF THE 2ND |
|
Miami (APP) Marlins batting - Pitching for San Francisco (APP) Giants : RHP Corey Foster
|
|
Pitching: RHP Sam Green
|
|
|
Batting: RHB Hikaru Nakata
|
0-0: Foul Ball, location: 2F 0-1: Foul Ball, location: 2F 0-2: SINGLE (Groundball, 4D, EV 108.1 MPH)
|
|
Batting: RHB Aaron Mamer
|
0-0: Called Strike Hikaru Nakata steals 2nd base 0-1: Called Strike 0-2: Ball 1-2: Ball 2-2: Ball 3-2: Base on Balls
|
|
Batting: RHB Robbie Gomez
|
0-0: Ball 1-0: Ball 2-0: Foul Ball, location: 2F 2-1: Ball 3-1: DOUBLE (Line Drive, 78XD, EV 108.1 MPH) Hikaru Nakata scores Aaron Mamer to third
|
|
Batting: RHB Tony Ledezma
|
0-0: SINGLE (Groundball, 56D, EV 98.1 MPH) Aaron Mamer scores Robbie Gomez to third
|
|
Batting: RHB Clark Meagher
|
0-0: Called Strike 0-1: Called Strike 0-2: Fly out, F7 (Flyball, 7D, EV 98.8 MPH) Runner from 3rd tags up, SCORES, throw by LF
|
|
Batting: RHB Rick English
|
0-0: Ball 1-0: Ball 2-0: Ball 3-0: Called Strike 3-1: Base on Balls Tony Ledezma to second
|
|
Batting: RHB David Martin
|
0-0: Foul Ball, location: 2F 0-1: Ball 1-1: Swinging Strike 1-2: Ball 2-2: Ball 3-2: Base on Balls Tony Ledezma to third Rick English to second
|
|
Batting: RHB Adrian Bocker
|
0-0: Called Strike 0-1: Ball 1-1: Ground out 5-3 (Groundball, 56S, EV 70.6 MPH) Tony Ledezma scores Rick English to third David Martin to second
|
|
Batting: RHB Terrell Smith
|
0-0: Called Strike 0-1: Foul Ball, location: 2F 0-2: Strikes out looking
|
| Top of the 2nd over - 4 runs, 3 hits, 0 errors, 2 left on base; Miami (APP) 8 - San Francisco (APP) 0 |
| BOTTOM OF THE 2ND |
|
San Francisco (APP) Giants batting - Pitching for Miami (APP) Marlins : RHP Ryan Kominski
|
|
Batting: LHB Kuan Hsia
|
0-0: Fly out, F9 (Flyball, 9, EV 91.9 MPH)
|
|
Batting: RHB Azeem bin Zuhair
|
0-0: Called Strike 0-1: Called Strike 0-2: Foul Ball, location: 2F 0-2: Ball 1-2: Ball 2-2: Strikes out swinging
|
|
Batting: RHB Chris Kulik
|
0-0: Called Strike 0-1: Ball 1-1: Ball 2-1: Called Strike 2-2: Foul Ball, location: 2F 2-2: Foul Ball, location: 2F 2-2: Ball 3-2: Base on Balls
|
|
Batting: RHB Jonathan Hemsley
|
0-0: Ball 1-0: Ball 2-0: Called Strike 2-1: Swinging Strike 2-2: Strikes out swinging
|
| Bottom of the 2nd over - 0 runs, 0 hits, 0 errors, 1 left on base; Miami (APP) 8 - San Francisco (APP) 0 |
| TOP OF THE 3RD |
|
Miami (APP) Marlins batting - Pitching for San Francisco (APP) Giants : RHP Sam Green
|
|
Batting: RHB Hikaru Nakata
|
0-0: Ball 1-0: SINGLE (Groundball, 6MD, EV 103.1 MPH)
|
|
Batting: RHB Aaron Mamer
|
0-0: Ball 1-0: Foul Ball, location: 2F 1-1: DOUBLE (Line Drive, 7LM, EV 88.8 MPH) Hikaru Nakata to third Runner from 3rd tries for Home, SAFE, throw by LF to trailing runner, OUT at third! 7-3-5
|
|
Batting: RHB Robbie Gomez
|
0-0: Called Strike 0-1: SOLO HOME RUN (Flyball, 7D, EV 100.0 MPH), Distance : 383 ft
|
|
Pitching: LHP Justin Tidwell
|
|
|
Batting: RHB Tony Ledezma
|
0-0: Fly out, F6 (Popup, 6, EV 70.6 MPH)
|
|
Batting: RHB Clark Meagher
|
0-0: Ball 1-0: Ball 2-0: Ball 3-0: Base on Balls
|
|
Batting: RHB Rick English
|
0-0: Ball 1-0: Foul Ball, location: 2F 1-1: Ball 2-1: Swinging Strike 2-2: Strikes out looking
|
| Top of the 3rd over - 2 runs, 3 hits, 0 errors, 1 left on base; Miami (APP) 10 - San Francisco (APP) 0 |
| BOTTOM OF THE 3RD |
|
San Francisco (APP) Giants batting - Pitching for Miami (APP) Marlins : RHP Ryan Kominski
|
|
Batting: SHB Cedric Sweep
|
0-0: Ball 1-0: Fly out, F8 (Flyball, 8RXD, EV 110.6 MPH)
|
|
Batting: RHB Rúbem Trancoso
|
0-0: Ball 1-0: Ball 2-0: Called Strike 2-1: Foul Ball, location: 2F 2-2: Ground out 5-3 (Groundball, 56S, EV 60.6 MPH)
|
|
Batting: LHB Eddie Lemus
|
0-0: Ball 1-0: Ball 2-0: Foul Ball, location: 2F 2-1: Ball 3-1: DOUBLE (Line Drive, 89D, EV 102.5 MPH)
|
|
Batting: RHB Noe Oliva
|
0-0: DOUBLE (Line Drive, 5D, EV 98.1 MPH) Eddie Lemus scores
|
|
Batting: RHB Ricky Aguilar
|
0-0: SINGLE (Line Drive, 8LS, EV 102.5 MPH) Noe Oliva to third Runner from 3rd tries for Home, throw by CF and OUT! 8-2
|
| Bottom of the 3rd over - 1 run, 3 hits, 0 errors, 1 left on base; Miami (APP) 10 - San Francisco (APP) 1 |
| TOP OF THE 4TH |
|
Miami (APP) Marlins batting - Pitching for San Francisco (APP) Giants : LHP Justin Tidwell
|
|
Batting: RHB David Martin
|
0-0: Called Strike 0-1: Foul Ball, location: 2F 0-2: Ball 1-2: Ground out 6-3 (Groundball, 56, EV 88.8 MPH)
|
|
Batting: RHB Adrian Bocker
|
0-0: Ball 1-0: Ball 2-0: Ball 3-0: Called Strike 3-1: Fly out, F8 (Flyball, 8LM, EV 91.2 MPH)
|
|
Batting: RHB Terrell Smith
|
0-0: Ball 1-0: Called Strike 1-1: SINGLE (Groundball, 4MD, EV 87.5 MPH) (infield hit)
|
|
Batting: RHB Hikaru Nakata
|
0-0: Called Strike 0-1: Ball 1-1: Foul Ball, location: 2F 1-2: Foul Ball, location: 2F 1-2: Strikes out swinging
|
| Top of the 4th over - 0 runs, 1 hit, 0 errors, 1 left on base; Miami (APP) 10 - San Francisco (APP) 1 |
| BOTTOM OF THE 4TH |
|
San Francisco (APP) Giants batting - Pitching for Miami (APP) Marlins : RHP Ryan Kominski
|
|
Batting: LHB Kuan Hsia
|
0-0: Ball 1-0: Ball 2-0: Ball 3-0: Base on Balls
|
|
Batting: RHB Azeem bin Zuhair
|
0-0: Ball 1-0: Ball 2-0: Ball 3-0: Base on Balls Kuan Hsia to second
|
|
Batting: RHB Chris Kulik
|
0-0: Called Strike 0-1: Ball 1-1: Foul Ball, location: 2F 1-2: Fly out, F7 (Flyball, 78M, EV 90.6 MPH)
|
|
Batting: RHB Jonathan Hemsley
|
0-0: Ball 1-0: Fly out, F7 (Flyball, 7LM, EV 92.5 MPH)
|
|
Batting: SHB Cedric Sweep
|
0-0: Called Strike 0-1: Ground out 3-1 (Groundball, 34S, EV 91.2 MPH)
|
| Bottom of the 4th over - 0 runs, 0 hits, 0 errors, 2 left on base; Miami (APP) 10 - San Francisco (APP) 1 |
| TOP OF THE 5TH |
|
Miami (APP) Marlins batting - Pitching for San Francisco (APP) Giants : LHP Justin Tidwell
|
|
Batting: RHB Aaron Mamer
|
0-0: DOUBLE (Flyball, 78D, EV 115.0 MPH)
|
|
Batting: RHB Robbie Gomez
|
0-0: Swinging Strike 0-1: 2-RUN HOME RUN (Flyball, 7D, EV 97.5 MPH), Distance : 378 ft
|
|
Pitching: RHP Conrad van Gemert
|
|
|
Batting: RHB Tony Ledezma
|
0-0: Ball 1-0: Called Strike 1-1: Foul Ball, location: 2F 1-2: Foul Ball, location: 2F 1-2: Foul Ball, location: 2F 1-2: Ball 2-2: Foul Ball, location: 2F 2-2: Foul Ball, location: 2F 2-2: Ball 3-2: Ground out 4-3 (Groundball, 4, EV 79.4 MPH)
|
|
Batting: RHB Clark Meagher
|
0-0: Ball 1-0: Ball 2-0: Swinging Strike 2-1: Foul Ball, location: 2F 2-2: Strikes out swinging
|
|
Batting: RHB Rick English
|
0-0: Ball 1-0: Ball 2-0: Ball 3-0: Called Strike 3-1: SOLO HOME RUN (Flyball, 89XD, EV 111.2 MPH), Distance : 426 ft
|
|
Pitching: LHP Ken Cromsie
|
|
|
Batting: RHB David Martin
|
0-0: Ball 1-0: Swinging Strike 1-1: Foul Ball, location: 2F 1-2: Fly out, F6 (Line Drive, 56D, EV 72.5 MPH)
|
| Top of the 5th over - 3 runs, 3 hits, 0 errors, 0 left on base; Miami (APP) 13 - San Francisco (APP) 1 |
| BOTTOM OF THE 5TH |
|
San Francisco (APP) Giants batting - Pitching for Miami (APP) Marlins : RHP Ryan Kominski
|
|
Batting: RHB Rúbem Trancoso
|
0-0: Ball 1-0: Swinging Strike 1-1: Foul Ball, location: 2F 1-2: Strikes out swinging
|
|
Batting: LHB Eddie Lemus
|
0-0: Called Strike 0-1: Swinging Strike 0-2: Foul Ball, location: 2F 0-2: Ball 1-2: Strikes out swinging
|
|
Batting: RHB Noe Oliva
|
0-0: Swinging Strike 0-1: Swinging Strike 0-2: Ball 1-2: Ball 2-2: Foul Ball, location: 2F 2-2: Strikes out swinging
|
| Bottom of the 5th over - 0 runs, 0 hits, 0 errors, 0 left on base; Miami (APP) 13 - San Francisco (APP) 1 |
| TOP OF THE 6TH |
|
Miami (APP) Marlins batting - Pitching for San Francisco (APP) Giants : LHP Ken Cromsie
|
|
Batting: RHB Adrian Bocker
|
0-0: Ball 1-0: Ball 2-0: Foul Ball, location: 2F 2-1: Called Strike 2-2: Foul Ball, location: 2F 2-2: Foul Ball, location: 2F 2-2: Ball 3-2: SINGLE (Groundball, 34D, EV 112.5 MPH)
|
|
Batting: RHB Terrell Smith
|
0-0: Swinging Strike 0-1: Called Strike 0-2: Ball 1-2: Grounds into double play, 3-6-1 (Groundball, 13, EV 85.6 MPH)
|
|
Batting: RHB Hikaru Nakata
|
0-0: Ball 1-0: Swinging Strike 1-1: Ball 2-1: Ball 3-1: Foul Ball, location: 2F 3-2: Strikes out swinging
|
| Top of the 6th over - 0 runs, 1 hit, 0 errors, 0 left on base; Miami (APP) 13 - San Francisco (APP) 1 |
| BOTTOM OF THE 6TH |
|
San Francisco (APP) Giants batting - Pitching for Miami (APP) Marlins : RHP Ryan Kominski
|
|
Batting: RHB Ricky Aguilar
|
0-0: Ball 1-0: Ball 2-0: Foul Ball, location: 2F 2-1: Ball 3-1: Base on Balls
|
|
Batting: LHB Kuan Hsia
|
0-0: Fly out, F9 (Flyball, 9, EV 88.1 MPH)
|
|
Batting: RHB Azeem bin Zuhair
|
0-0: Ball 1-0: Ball 2-0: 2-RUN HOME RUN (Flyball, 7LD, EV 95.0 MPH), Distance : 355 ft
|
|
Batting: RHB Chris Kulik
|
0-0: Called Strike 0-1: Swinging Strike 0-2: Ball 1-2: Strikes out swinging, 2-3 out at first.
|
|
Batting: RHB Jonathan Hemsley
|
0-0: Called Strike 0-1: Ball 1-1: Ball 2-1: Ball 3-1: Base on Balls
|
|
Batting: SHB Cedric Sweep
|
0-0: Called Strike Jonathan Hemsley steals 2nd base 0-1: Ball 1-1: Foul Ball, location: 2F 1-2: Ball 2-2: Fly out, F8 (Flyball, 8LD, EV 103.8 MPH)
|
| Bottom of the 6th over - 2 runs, 1 hit, 0 errors, 1 left on base; Miami (APP) 13 - San Francisco (APP) 3 |
| TOP OF THE 7TH |
|
Miami (APP) Marlins batting - Pitching for San Francisco (APP) Giants : LHP Ken Cromsie
|
|
Pitching: RHP Newt Reid
|
|
|
Batting: RHB Aaron Mamer
|
0-0: Ball 1-0: Called Strike 1-1: Ball 2-1: Ball 3-1: Base on Balls
|
|
Batting: RHB Robbie Gomez
|
0-0: Ball 1-0: Called Strike 1-1: Ball 2-1: Ball 3-1: Base on Balls Aaron Mamer to second
|
|
Batting: RHB Tony Ledezma
|
0-0: Called Strike 0-1: SINGLE (Groundball, 4MD, EV 101.9 MPH) Aaron Mamer to third Robbie Gomez to second
|
|
Batting: RHB Clark Meagher
|
0-0: Ball 1-0: Foul Ball, location: 2F 1-1: Foul Ball, location: 2F 1-2: Grounds into fielders choice 1-2 (Groundball, P, EV 64.4 MPH) Robbie Gomez to third Tony Ledezma to second
|
|
Batting: RHB Rick English
|
0-0: Ball 1-0: Ball 2-0: Ball 3-0: Foul Ball, location: 2F 3-1: Called Strike 3-2: Foul Ball, location: 2F 3-2: Foul Ball, location: 2F 3-2: Foul Ball, location: 2F 3-2: Base on Balls Robbie Gomez scores Tony Ledezma to third Clark Meagher to second
|
|
Batting: RHB David Martin
|
0-0: Ball 1-0: Ball 2-0: Ball 3-0: Called Strike 3-1: Base on Balls Tony Ledezma scores Clark Meagher to third Rick English to second
|
|
Batting: RHB Adrian Bocker
|
0-0: Ball 1-0: Called Strike 1-1: Called Strike 1-2: Ball 2-2: Foul Ball, location: 2F 2-2: Foul Ball, location: 2F 2-2: Ball 3-2: Foul Ball, location: 2F 3-2: Base on Balls Clark Meagher scores Rick English to third David Martin to second
|
|
Batting: RHB Terrell Smith
|
0-0: Ball 1-0: GRAND SLAM HOME RUN (Flyball, 78XD, EV 116.2 MPH), Distance : 432 ft
|
|
Batting: RHB Hikaru Nakata
|
0-0: Foul Ball, location: 2F 0-1: Ball 1-1: Swinging Strike 1-2: Ball 2-2: Strikes out looking
|
|
Batting: RHB Aaron Mamer
|
0-0: Ground out 5-3 (Groundball, 56, EV 85.0 MPH)
|
| Top of the 7th over - 7 runs, 2 hits, 0 errors, 0 left on base; Miami (APP) 20 - San Francisco (APP) 3 |
| BOTTOM OF THE 7TH |
|
San Francisco (APP) Giants batting - Pitching for Miami (APP) Marlins : RHP Ryan Kominski
|
|
Batting: RHB Rúbem Trancoso
|
0-0: Called Strike 0-1: Ball 1-1: DOUBLE (Line Drive, 9LS, EV 97.5 MPH)
|
|
Batting: LHB Eddie Lemus
|
0-0: Ball 1-0: Swinging Strike 1-1: Swinging Strike 1-2: Strikes out swinging, 2-3 out at first.
|
|
Pitching: RHP Eric Schafer
|
|
|
Batting: RHB Noe Oliva
|
0-0: Ball Passed Ball! Rúbem Trancoso to third 1-0: Foul Ball, location: 2F 1-1: Ground out 4-3 (Groundball, 34, EV 88.1 MPH) Rúbem Trancoso scores
|
|
Batting: RHB Ricky Aguilar
|
0-0: Ball 1-0: Called Strike 1-1: Ball 2-1: Foul Ball, location: 2F 2-2: Ball 3-2: Foul Ball, location: 2F 3-2: Foul Ball, location: 2F 3-2: Base on Balls
|
|
Batting: LHB Kuan Hsia
|
0-0: Called Strike 0-1: Ground out 4-3 (Groundball, 4, EV 83.1 MPH)
|
| Bottom of the 7th over - 1 run, 1 hit, 0 errors, 1 left on base; Miami (APP) 20 - San Francisco (APP) 4 |
| TOP OF THE 8TH |
|
Miami (APP) Marlins batting - Pitching for San Francisco (APP) Giants : RHP Newt Reid
|
|
Batting: RHB Robbie Gomez
|
0-0: Called Strike 0-1: Foul Ball, location: 2F 0-2: Foul Ball, location: 2F 0-2: DOUBLE (Line Drive, 9LM, EV 96.2 MPH)
|
|
Batting: RHB Tony Ledezma
|
0-0: Reached on error, E6 (Groundball, 6, EV 78.1 MPH) Robbie Gomez to third
|
|
Batting: RHB Clark Meagher
|
0-0: Ball Wild Pitch! Robbie Gomez scores Tony Ledezma to second 1-0: Ball 2-0: Ball 3-0: Called Strike 3-1: Called Strike 3-2: Foul Ball, location: 2F 3-2: Base on Balls
|
|
Batting: RHB Rick English
|
0-0: Ball 1-0: Ball 2-0: Ball 3-0: Base on Balls Tony Ledezma to third Clark Meagher to second
|
|
Batting: RHB David Martin
|
0-0: Ball 1-0: Called Strike 1-1: Ball 2-1: Ball 3-1: Base on Balls Tony Ledezma scores Clark Meagher to third Rick English to second
|
|
Batting: RHB Adrian Bocker
|
0-0: Ball 1-0: Foul Ball, location: 2F 1-1: Foul Ball, location: 2F 1-2: Grounds into double play, 5-4-3 (Groundball, 56, EV 106.2 MPH) Clark Meagher scores Rick English to third
|
|
Batting: RHB Terrell Smith
|
0-0: Ball 1-0: Called Strike 1-1: Ball 2-1: Called Strike 2-2: Ball 3-2: Foul Ball, location: 2F 3-2: Base on Balls
|
|
Batting: RHB Hikaru Nakata
|
0-0: Ball 1-0: 3-RUN HOME RUN (Flyball, 7D, EV 96.9 MPH), Distance : 380 ft
|
|
Batting: RHB Aaron Mamer
|
0-0: Ball 1-0: Ground out 4-3 (Groundball, 34, EV 98.1 MPH)
|
| Top of the 8th over - 6 runs, 2 hits, 1 error, 0 left on base; Miami (APP) 26 - San Francisco (APP) 4 |
| BOTTOM OF THE 8TH |
|
San Francisco (APP) Giants batting - Pitching for Miami (APP) Marlins : RHP Eric Schafer
|
|
Batting: RHB Azeem bin Zuhair
|
0-0: Foul Ball, location: 2F 0-1: Fly out, F8 (Flyball, 89S, EV 78.8 MPH)
|
|
Batting: RHB Chris Kulik
|
0-0: Called Strike 0-1: Foul Ball, location: 2F 0-2: Foul Ball, location: 2F 0-2: Ball 1-2: Strikes out looking
|
|
Batting: RHB Jonathan Hemsley
|
0-0: Ground out 6-3 (Groundball, 56, EV 103.8 MPH)
|
| Bottom of the 8th over - 0 runs, 0 hits, 0 errors, 0 left on base; Miami (APP) 26 - San Francisco (APP) 4 |
| TOP OF THE 9TH |
|
Miami (APP) Marlins batting - Pitching for San Francisco (APP) Giants : RHP Newt Reid
|
|
Batting: RHB Robbie Gomez
|
0-0: Foul Ball, location: 2F 0-1: Ball 1-1: Foul Ball, location: 2F 1-2: SOLO HOME RUN (Flyball, 7LD, EV 96.9 MPH), Distance : 366 ft
|
|
Batting: RHB Tony Ledezma
|
0-0: Fly out, F8 (Flyball, 8RM, EV 92.5 MPH)
|
|
Batting: RHB Clark Meagher
|
0-0: SOLO HOME RUN (Line Drive, 7D, EV 107.5 MPH), Distance : 397 ft
|
|
Batting: RHB Rick English
|
0-0: Ball 1-0: Ball 2-0: Foul Ball, location: 2F 2-1: Ball 3-1: Foul Ball, location: 2F 3-2: Base on Balls
|
|
Batting: RHB David Martin
|
0-0: Ball 1-0: Fly out, F7 (Line Drive, 7S, EV 97.5 MPH)
|
|
Batting: RHB Adrian Bocker
|
0-0: Ball 1-0: Called Strike 1-1: Swinging Strike 1-2: Strikes out looking
|
| Top of the 9th over - 2 runs, 2 hits, 0 errors, 1 left on base; Miami (APP) 28 - San Francisco (APP) 4 |
| BOTTOM OF THE 9TH |
|
San Francisco (APP) Giants batting - Pitching for Miami (APP) Marlins : RHP Eric Schafer
|
|
Batting: SHB Cedric Sweep
|
0-0: Swinging Strike 0-1: Foul Ball, location: 2F 0-2: Strikes out swinging
|
|
Batting: RHB Rúbem Trancoso
|
0-0: Ball 1-0: Foul Ball, location: 2F 1-1: Ball 2-1: Swinging Strike 2-2: SOLO HOME RUN (Flyball, 7LD, EV 93.1 MPH), Distance : 342 ft
|
|
Batting: LHB Eddie Lemus
|
0-0: Fly out, F5 (Popup, 56S, EV 73.1 MPH)
|
|
Batting: RHB Noe Oliva
|
0-0: Ball 1-0: Ball 2-0: Fly out, F8 (Flyball, 8LM, EV 91.2 MPH)
|
| Bottom of the 9th over - 1 run, 1 hit, 0 errors, 0 left on base; Miami (APP) 28 - San Francisco (APP) 5 |
|